Map: Ever Dream LE

Players

Reynor

  • Race: Zerg Zerg
  • League: Grandmaster
  • Spawn Location: 7:00

HeroMarine - Winner!

  • Race: Terran Terran
  • League: Grandmaster
  • Spawn Location: 1:00

VOD

Have the link to the VOD?

Description

Time

  • Played on: April 25, 2020, 11:29 a.m.
  • Length: 23:28
Show
View Real Time Build Order
Export as new Build Order

Reynor Zerg 

Build Orders: Hatch First, Muta Ling Bane 

Get SALT Encoding   

  12  0:00  Drone  
  13  0:12  Overlord  
  13  0:16  Drone  
  14  0:30  Drone x2  
  16  0:46  Hatchery  
  15  0:50  Drone  
  15  0:53  Drone  
  17  0:57  Drone  
  18  1:07  Extractor  
  17  1:12  Spawning Pool  
  17  1:15  Drone  
  17  1:18  Drone  
  18  1:27  Drone  
  19  1:38  Drone  
  20  1:59  Hatchery, Zergling x2, Queen  
  20  2:00  Zergling x2  
  23  2:04  Drone  
  24  2:14  Queen  
  26  2:20  Metabolic Boost  
  26  2:27  Overlord  
  26  2:31  Spore Crawler  
  26  2:33  Drone  
  26  2:35  Drone  
  28  2:45  Drone  
  28  2:46  Drone  
  28  2:47  Queen  
  28  2:50  Drone  
  33  2:53  Drone  
  34  3:02  Overlord  
  34  3:03  Drone  
  34  3:04  Drone  
  35  3:07  Drone  
  35  3:11  Queen  
  38  3:18  Zergling x2, Drone x2  
  41  3:23  Drone x2  
  43  3:28  Drone x2  
  43  3:33  Overlord  
  45  3:36  Drone x2  
  45  3:40  Queen  
  49  3:42  Zergling x2  
  50  3:53  Drone x2  
  50  3:54  Queen  
  54  3:58  Zergling x2, Overlord  
  54  4:00  Drone x3  
  58  4:12  Lair  
  58  4:15  Overlord  
  58  4:16  Extractor  
  57  4:17  Drone  
  57  4:18  Drone x4  
  57  4:20  Queen  
  64  4:25  Drone x2  
  66  4:31  Overlord  
  66  4:36  Overlord  
  66  4:43  Overlord  
  66  4:48  Evolution Chamber  
  66  4:50  Zergling x2, Drone x4  
  66  4:51  Zergling x10  
  75  4:54  Overlord  
  75  4:59  Drone  
  76  5:01  Drone x4  
  76  5:02  Drone  
  76  5:06  Evolution Chamber  
  80  5:07  Evolution Chamber  
  80  5:11  Drone x2  
  80  5:13  Drone x3  
  84  5:17  Spore Crawler, Drone  
  84  5:20  Overlord  
  84  5:21  Spore Crawler  
  83  5:24  Drone  
  83  5:25  Drone x3  
  83  5:27  Drone  
  88  5:33  Baneling Nest  
  88  5:35  Overlord, Extractor  
  86  5:36  Zerg Melee Weapons Level 1, Zerg Ground Armor Level 1  
  86  5:37  Spore Crawler, Overseer  
  86  5:39  Drone  
  86  5:40  Drone  
  87  5:43  Drone  
  87  5:49  Extractor  
  87  5:50  Overlord  
  87  5:55  Drone x3  
  87  5:56  Drone  
  90  5:59  Zergling x2  
  90  6:00  Zergling x8  
  90  6:01  Overlord  
  95  6:04  Drone  
  95  6:07  Drone  
  95  6:11  Extractor  
  96  6:12  Extractor, Drone, Spire  
  96  6:16  Drone x3  
  96  6:17  Drone x2  
  98  6:31  Overlord  
  98  6:32  Drone x4  
  93  6:43  Zergling x12  
  93  6:44  Hatchery  
  98  6:47  Zergling x12  
  98  6:50  Pneumatized Carapace  
  98  6:52  Zergling x4  
  98  6:54  Zergling x2  
  107  6:57  Centrifical Hooks  
  107  7:02  Zergling x4  
  107  7:05  Zergling x2  
  110  7:13  Overlord  
  108  7:18  Hatchery  
  107  7:24  Mutalisk x7  
  107  7:28  Overlord  
  121  7:34  Zerg Flyer Weapons Level 1  
  121  7:35  Baneling x4  
  121  7:40  Overlord  
  121  7:41  Mutalisk  
  121  7:43  Zergling x8  
  127  7:49  Mutalisk  
  129  7:51  Drone x6  
  129  7:52  Drone x2  
  129  7:56  Overlord x2  
  137  8:02  Zerg Ground Armor Level 2  
  137  8:09  Zergling x6  
  139  8:14  Zergling x2  
  139  8:18  Mutalisk x3  
  146  8:21  Zergling x12  
  146  8:24  Overlord  
  150  8:28  Hatchery  
  150  8:30  Drone x3  
  150  8:32  Zergling x2  
  153  8:36  Zerg Melee Weapons Level 2  
  153  8:37  Queen  
  153  8:38  Mutalisk  
  153  8:40  Zergling x4  
  159  8:45  Drone x2  
  159  8:46  Spore Crawler, Extractor  
  159  8:47  Mutalisk  
  161  8:48  Mutalisk  
  161  8:49  Spine Crawler  
  161  8:55  Zergling x12  
  168  8:56  Baneling x3  
  168  8:57  Baneling  
  168  8:58  Baneling x2  
  168  9:07  Baneling x4  
  168  9:12  Zergling x4  
  168  9:13  Baneling x2  
  168  9:16  Overlord  
  169  9:17  Zergling x16  
  167  9:24  Baneling x5  
  167  9:25  Baneling x2  
  167  9:27  Zergling x4  
  167  9:28  Zergling x6  
  167  9:30  Baneling x8  
  161  9:33  Queen  
  161  9:35  Baneling x3  
  161  9:36  Zergling x6  
  157  9:39  Zergling x4  
  157  9:42  Mutalisk x2  
  161  9:45  Zergling x2  
  161  9:46  Zergling x4  
  161  9:50  Zergling x6  
  166  9:58  Zergling x8  
  156  10:01  Zergling x2  
  156  10:04  Zergling x2  
  156  10:06  Baneling x10  
  153  10:08  Queen  
  153  10:09  Zergling x6  
  153  10:12  Infestation Pit, Baneling x6  
  157  10:16  Zergling x4  
  159  10:22  Zergling x12  
  163  10:29  Baneling x5  
  163  10:30  Baneling x2  
  163  10:32  Zergling x10  
  164  10:35  Zergling x2  
  164  10:38  Zergling x6  
  164  10:40  Baneling x10  
  164  10:41  Zergling x8  
  164  10:42  Zergling x8  
  175  10:47  Mutalisk x2  
  175  10:49  Zergling x14  
  184  11:01  Drone x5  
  189  11:05  Zergling x2  
  189  11:07  Baneling x6  
  189  11:10  Hive  
  189  11:12  Baneling x9  
  189  11:13  Overlord  
  189  11:21  Overlord  
  189  11:25  Baneling  
  189  11:26  Hatchery, Baneling x6  
  189  11:27  Zergling x2, Overlord  
  189  11:33  Zergling x6  
  189  11:34  Zergling x10  
  197  11:45  Baneling x12  
  193  11:49  Zergling x6  
  193  11:50  Zergling x6  
  193  11:52  Extractor  
  193  11:53  Zerg Flyer Weapons Level 2  
  198  11:54  Extractor  
  197  12:01  Overseer  
  197  12:05  Drone x2  
  197  12:07  Overlord  
  200  12:15  Overlord  
  200  12:24  Zerg Melee Weapons Level 3, Zerg Ground Armor Level 3  
  200  12:27  Ultralisk Cavern  
  200  12:29  Drone  
  200  12:32  Extractor  
  199  12:38  Baneling  
  199  12:39  Baneling x6  
  198  12:47  Zergling x28  
  182  12:51  Overlord  
  182  12:55  Drone  
  182  12:56  Drone x10  
  184  13:01  Zergling x22  
  184  13:03  Queen  
  188  13:06  Zergling x16  
  188  13:12  Zergling x4  
  184  13:14  Drone x2  
  184  13:16  Zergling x2  
  183  13:23  Ultralisk x2, Chitinous Plating  
  181  13:28  Zergling x6  
  181  13:29  Zergling x4  
  181  13:31  Zergling x4, Ultralisk  
  179  13:37  Drone x4  
  179  13:38  Drone  
  179  13:43  Zergling x2  
  179  13:44  Zergling x6  
  176  13:49  Drone x4  
  176  13:51  Baneling  
  176  13:53  Overseer  
  176  13:55  Baneling x9  
  180  13:56  Zergling x10  
  178  14:05  Zergling x14  
  163  14:11  Zergling x6, Ultralisk  
  163  14:12  Zergling x2  
  172  14:18  Zergling x2, Ultralisk  
  179  14:32  Drone x2  
  179  14:34  Baneling x7  
  179  14:35  Adrenal Glands  
  179  14:36  Zergling x16  
  189  14:42  Anabolic Synthesis  
  189  14:44  Zergling x6, Ultralisk  
  190  14:49  Corruptor x2  
  190  14:50  Zergling x4  
  181  14:55  Zergling x4, Corruptor  
  181  14:56  Zergling x2  
  181  15:00  Corruptor x2  
  181  15:01  Zergling x4  
  162  15:15  Baneling x7  
  162  15:16  Zergling x30  
  177  15:22  Drone x2  
  177  15:27  Baneling x6  
  179  15:32  Hatchery, Zergling x2  
  179  15:33  Zergling x18  
  188  15:36  Corruptor  
  188  15:37  Zergling x4  
  188  15:40  Baneling x2  
  191  15:44  Zergling x14  
  177  15:52  Zergling x8, Ultralisk  
  177  15:56  Zergling x8  
  178  16:02  Corruptor  
  178  16:03  Zergling x8  
  164  16:16  Zergling x8  
  164  16:17  Zergling x16  
  175  16:30  Corruptor x2  
  167  16:34  Overlord  
  167  16:37  Overseer x2, Baneling x10  
  167  16:38  Spawning Pool  
  165  16:45  Ultralisk x2  
  170  16:53  Ultralisk x2  
  163  17:14  Ultralisk  
  169  17:16  Baneling x3  
  169  17:17  Baneling  
  169  17:21  Corruptor x3  
  166  17:30  Zergling x44  
  188  17:42  Zergling x2  
  188  17:43  Zergling x18  
  192  17:47  Zergling x8  
  178  17:52  Ultralisk  
  178  17:53  Zergling x2  
  178  17:54  Zergling x2  
  178  17:55  Zergling x2  
  178  17:57  Zergling x4  
  158  18:05  Zergling x6  
  158  18:06  Zergling x2, Baneling x7  
  158  18:12  Zergling x6, Ultralisk  
  166  18:13  Zergling x2  
  166  18:16  Zergling x6  
  163  18:24  Hatchery  
  152  18:27  Zergling x10  
  150  18:34  Hatchery  
  150  18:36  Corruptor  
  146  18:43  Corruptor x2  
  148  18:51  Zergling x12  
  154  18:58  Baneling x7  
  154  19:01  Zergling x2  
  154  19:02  Zergling x8  
  153  19:09  Zergling x10  
  139  19:13  Corruptor  
  139  19:14  Zergling x4  
  143  19:17  Queen  
  144  19:24  Baneling x6  
  144  19:25  Queen  
  144  19:30  Zergling x2  
  144  19:31  Zergling x10  
  151  19:38  Queen  
  153  19:45  Zergling x14  
  155  20:01  Baneling x6  
  155  20:06  Zergling x14  
  159  20:12  Hatchery  
  155  20:26  Corruptor x3  
  155  20:28  Zergling x24  
  160  20:40  Corruptor x2  
  160  20:41  Zergling x14  
  160  20:53  Zergling x8  
  160  20:54  Zergling x2, Queen  
  165  21:01  Zergling x6, Queen  
  153  21:04  Zergling x4  
  153  21:09  Overseer  
  140  21:12  Ultralisk  
  140  21:13  Zergling x6  
  140  21:17  Zergling x8  
  144  21:30  Hatchery  
  139  21:33  Infestor x3  
  139  21:35  Zergling x10  
  148  21:45  Baneling x9  
  148  21:46  Zergling x10  
  143  21:56  Zergling x16  
  143  22:00  Zergling x6  
  143  22:01  Zergling x4  
  142  22:06  Drone x3  
  142  22:07  Drone  
  131  22:10  Zergling x4  
  132  22:23  Ultralisk  
  132  22:24  Zergling x6  
  132  22:26  Baneling x11  
  138  22:36  Zergling x16  
  145  22:45  Zergling x8  
  145  22:51  Infestor  
  134  22:56  Zergling x6  
  134  22:57  Zergling x4  
  113  23:15  Hatchery  
Show
View Real Time Build Order
Export as new Build Order

HeroMarine Terran - Winner!

Build Orders: Reaper Expand 

Get SALT Encoding   

  12  0:00  SCV  
  13  0:12  SCV  
  14  0:17  Supply Depot  
  14  0:24  SCV  
  15  0:38  SCV  
  15  0:40  Barracks  
  16  0:44  Refinery  
  16  0:51  SCV  
  17  1:03  SCV  
  18  1:15  SCV  
  19  1:27  Orbital Command  
  19  1:28  Reaper  
  20  1:38  Command Center  
  20  1:48  Supply Depot  
  20  1:53  Refinery  
  20  1:54  SCV  
  20  2:00  Reaper  
  22  2:07  SCV  
  23  2:19  SCV, Factory  
  24  2:31  SCV  
  24  2:33  Barracks Reactor  
  25  2:43  SCV  
  26  2:51  Orbital Command  
  26  2:55  SCV  
  27  3:06  Starport  
  27  3:07  SCV  
  28  3:15  Barracks Tech Lab  
  28  3:17  SCV  
  28  3:19  SCV  
  34  3:20  Hellion x2  
  34  3:25  Supply Depot  
  34  3:29  SCV  
  34  3:31  SCV  
  40  3:41  SCV, Hellion x2  
  40  3:43  SCV  
  40  3:47  Marine  
  43  3:52  Viking  
  43  3:54  SCV  
  46  3:55  SCV  
  46  3:59  Supply Depot  
  46  4:02  Hellion x2  
  51  4:06  SCV  
  51  4:08  SCV  
  53  4:17  Barracks Tech Lab  
  53  4:18  SCV  
  53  4:21  SCV  
  53  4:22  Command Center  
  59  4:25  Liberator  
  62  4:35  Stimpack  
  62  4:36  SCV x2  
  60  4:41  Marine  
  60  4:44  Supply Depot, Factory Reactor, Barracks x2  
  61  4:48  SCV  
  61  4:51  Engineering Bay x2  
  62  5:05  Marine  
  62  5:06  SCV x2  
  65  5:07  Supply Depot, Refinery  
  65  5:08  Refinery  
  65  5:18  SCV x2, Terran Infantry Weapons Level 1, Terran Infantry Armor Level 1  
  67  5:22  Starport Reactor  
  67  5:23  Marine  
  68  5:30  SCV x2  
  68  5:32  Marine x2  
  68  5:33  Siege Tank  
  68  5:34  Barracks  
  68  5:35  Barracks  
  75  5:41  Marine x2  
  75  5:42  SCV x2  
  79  5:43  Marine  
  79  5:46  Orbital Command  
  79  5:49  Marine  
  80  5:54  SCV x2  
  81  5:57  Marine  
  81  5:59  Medivac x2, Marine x2  
  81  6:01  Marine  
  87  6:05  Supply Depot  
  87  6:06  SCV  
  87  6:08  SCV, Supply Depot  
  89  6:15  Marine  
  90  6:18  SCV  
  90  6:22  SCV  
  90  6:23  Orbital Command  
  89  6:25  Siege Tank  
  89  6:27  Marine x2  
  89  6:28  Marine  
  89  6:29  Marine  
  89  6:30  SCV  
  93  6:33  Marine  
  93  6:34  Medivac  
  93  6:35  SCV  
  93  6:37  Combat Shield  
  93  6:38  Barracks Reactor x2  
  89  6:42  SCV  
  89  6:45  Marine x2  
  93  6:47  SCV  
  93  6:50  Supply Depot  
  93  6:51  SCV  
  93  6:52  Marine x2  
  93  6:53  Marine  
  97  6:54  SCV  
  97  6:59  SCV, Armory  
  99  7:03  SCV, Marine x2  
  99  7:06  Siege Tank  
  99  7:07  SCV  
  106  7:11  SCV  
  106  7:13  Marine  
  106  7:14  Marine x2  
  106  7:15  SCV, Marine x2  
  112  7:16  Medivac  
  112  7:19  SCV, Medivac  
  112  7:20  Marine  
  117  7:23  Refinery  
  117  7:25  Refinery  
  117  7:26  Supply Depot  
  117  7:29  Supply Depot  
  117  7:44  Supply Depot  
  117  7:45  Supply Depot  
  117  7:47  Factory, Marine x2  
  117  7:48  Marine x6  
  117  7:50  Supply Depot x2, Marine  
  126  7:53  Terran Vehicle And Ship Armor Level 1  
  126  7:54  Widow Mine  
  126  7:57  Terran Infantry Armor Level 2, Terran Infantry Weapons Level 2  
  128  8:05  Marine x6  
  128  8:12  Marine x3  
  132  8:19  Missile Turret, Thor  
  136  8:21  Missile Turret  
  136  8:23  Marine x4  
  140  8:31  Factory Reactor, Command Center  
  140  8:32  Supply Depot  
  140  8:33  Drilling Claws  
  140  8:36  Medivac x2  
  140  8:37  Marine x2  
  146  8:45  Marine x2  
  148  8:50  Marine x2  
  148  8:51  Marine x3  
  148  8:55  Marine x2  
  155  8:57  Supply Depot  
  155  9:03  Marine x2  
  155  9:04  Thor  
  155  9:08  SCV x3, Missile Turret, Marine x4  
  155  9:09  Supply Depot, Marine  
  171  9:12  Marine  
  171  9:13  Marine  
  173  9:20  Marine  
  173  9:21  Marine  
  163  9:26  Marine x5  
  163  9:30  Marine x2  
  161  9:31  Widow Mine x2  
  158  9:38  Marine, Barracks x2  
  158  9:39  Barracks  
  158  9:42  Marine  
  158  9:44  Marine x2  
  162  9:49  Marine x2  
  161  9:55  Marine x2  
  161  9:57  Medivac x2, Marine x2  
  155  10:02  Marine  
  155  10:03  Marine x2  
  155  10:04  Widow Mine x2, Thor  
  159  10:09  SCV  
  159  10:10  SCV x2  
  162  10:15  Missile Turret, Marine x3  
  162  10:16  Marine x2  
  162  10:17  Marine  
  162  10:20  Marine x2  
  162  10:21  Marine  
  168  10:23  SCV x2  
  165  10:30  Widow Mine x2  
  165  10:32  Planetary Fortress  
  165  10:33  Marine x4  
  165  10:35  Marine  
  168  10:37  Barracks Tech Lab  
  168  10:38  Barracks Tech Lab x2  
  167  10:44  Marine  
  167  10:46  Marine  
  169  10:52  Missile Turret x2, Marine x2  
  169  10:54  Widow Mine x2  
  172  11:01  Marauder  
  174  11:04  Sensor Tower  
  174  11:07  Sensor Tower  
  174  11:09  Terran Infantry Weapons Level 3  
  174  11:10  Missile Turret  
  174  11:13  Marauder x3  
  180  11:20  Terran Infantry Armor Level 3  
  180  11:23  Terran Vehicle And Ship Armor Level 2  
  180  11:25  Marauder  
  178  11:34  Marauder x2  
  178  11:35  Marauder  
  184  11:42  Marine x2  
  184  11:44  Marine  
  184  11:45  Marine  
  184  11:46  Marauder  
  189  11:52  Medivac x2, Missile Turret x2  
  193  11:55  Widow Mine x3  
  199  12:03  Command Center  
  199  12:05  Marine, Sensor Tower  
  200  12:22  Medivac  
  200  12:49  Marauder x2, Marine  
  175  12:52  Marauder  
  175  12:54  Marine x3  
  175  12:55  Marine x3  
  174  12:58  Marine  
  174  12:59  Marine  
  171  13:07  Marine  
  171  13:10  Marauder  
  171  13:11  Marauder, Marine  
  154  13:13  Widow Mine x2, Thor  
  154  13:14  Marauder  
  154  13:15  Marine  
  154  13:16  Marine x2  
  154  13:17  Marauder, Marine  
  154  13:18  Marine  
  169  13:22  Marine  
  169  13:24  Marine  
  164  13:29  Orbital Command, Marine  
  164  13:32  Marauder x2  
  164  13:33  Marine  
  142  13:34  Widow Mine x2  
  142  13:35  SCV x2, Marauder  
  142  13:38  Marauder  
  142  13:40  Marine x2  
  148  13:41  Marine  
  148  13:42  Marine  
  148  13:47  SCV, Marine  
  148  13:48  SCV  
  154  13:53  Marauder x2  
  154  13:54  Sensor Tower  
  154  13:55  Marine, Widow Mine  
  161  13:56  Marauder  
  161  13:57  Missile Turret  
  161  13:58  Missile Turret, Marine  
  161  14:00  SCV x2, Marauder  
  160  14:03  SCV  
  142  14:11  Marine  
  142  14:12  SCV x2, Marine  
  142  14:14  Widow Mine  
  142  14:15  SCV, Marauder x2  
  153  14:18  Marauder  
  153  14:19  Planetary Fortress  
  153  14:21  Marauder  
  153  14:24  SCV x2  
  158  14:27  SCV, Missile Turret  
  159  14:32  Widow Mine  
  159  14:33  Widow Mine  
  159  14:36  SCV x2, Marauder x2, Marine x2  
  159  14:38  Marine x2  
  172  14:39  SCV  
  172  14:40  Medivac  
  172  14:41  Medivac  
  172  14:44  Marauder, Marine x2  
  182  14:46  Marine  
  182  14:47  Marine  
  182  14:48  SCV x2  
  182  14:50  Marauder  
  184  14:54  Marine x2  
  184  14:56  Marine x2  
  184  14:57  Marine x2  
  190  15:01  Marine  
  190  15:03  Widow Mine x2  
  190  15:05  Marauder  
  196  15:10  Liberator  
  196  15:11  Marauder, Liberator  
  196  15:13  SCV  
  196  15:14  SCV x3  
  187  15:15  Marauder x2  
  192  15:26  SCV x4, Marauder  
  192  15:28  Concussive Shells  
  198  15:32  Marine x2  
  200  15:46  Marauder x2  
  200  15:47  Marine x2  
  200  15:49  Marine x3  
  193  15:51  Marauder  
  167  15:59  Marauder  
  167  16:00  Marine x2  
  167  16:01  Widow Mine x2  
  167  16:03  Medivac x2  
  165  16:08  Marauder x2  
  158  16:11  Marine  
  158  16:12  Marine  
  158  16:13  Widow Mine  
  158  16:16  Marauder  
  159  16:19  Marine  
  159  16:21  Marauder  
  159  16:23  Widow Mine  
  156  16:27  Marine x2  
  156  16:29  Marauder x2, Marine x4  
  156  16:31  Widow Mine  
  161  16:33  Medivac x2  
  161  16:34  Widow Mine  
  161  16:37  Marauder, Marine x2  
  169  16:40  Orbital Command  
  169  16:41  Refinery  
  169  16:42  Unknown, Marauder  
  169  16:44  Widow Mine  
  169  16:45  Marine x2  
  169  16:47  Marine x2  
  175  16:50  Marauder, Marine  
  175  16:51  Marauder, Marine  
  160  16:57  Marine x2  
  160  16:58  Marauder  
  155  17:02  Marine  
  155  17:03  Medivac, Marine x2  
  160  17:08  Marine x2  
  160  17:09  Marine  
  160  17:10  Command Center, Marine  
  160  17:11  Marine  
  160  17:12  Marauder  
  160  17:14  Marine  
  160  17:15  Widow Mine  
  170  17:18  Widow Mine  
  170  17:20  Marauder  
  174  17:23  Marauder  
  174  17:25  Marine x2  
  174  17:27  Marine  
  174  17:28  Marine x4  
  173  17:40  Marauder x2, Marine  
  173  17:41  Marine  
  170  17:45  Widow Mine  
  170  17:46  Widow Mine  
  170  17:50  Marauder  
  157  17:55  Marine  
  141  18:00  Marauder  
  141  18:01  Marauder, Marine  
  141  18:03  Marine  
  141  18:04  Marauder, Marine  
  141  18:05  Widow Mine  
  143  18:07  Widow Mine x2  
  143  18:08  Marine  
  143  18:09  Marine x2  
  143  18:11  Marauder  
  148  18:20  Marine x2  
  148  18:21  Medivac x2, Marauder  
  148  18:22  Marauder  
  148  18:23  Marine x3  
  148  18:25  Marine  
  148  18:26  Marine  
  146  18:29  Marine x2  
  146  18:33  Marauder  
  138  18:38  Marine x2  
  132  18:41  Marine  
  132  18:42  Marauder, Marine  
  132  18:45  Marine  
  137  18:49  Marauder  
  137  18:51  Medivac  
  137  18:52  Marine  
  137  18:53  Marine x2  
  140  19:02  Marauder  
  118  19:10  Orbital Command  
  118  19:12  Marine x3  
  118  19:13  Medivac, Marauder x2, Marine  
  125  19:17  Marine  
  125  19:18  Marauder  
  125  19:19  Marine x2  
  125  19:21  Medivac  
  125  19:23  Marine x2  
  134  19:27  Widow Mine x2  
  134  19:28  Widow Mine  
  134  19:30  Marine  
  141  19:34  Marauder  
  141  19:35  Marauder, Marine x2  
  141  19:36  Marine  
  141  19:37  Marine x2  
  150  19:40  Marine x2  
  152  19:49  Widow Mine x3  
  152  19:50  Refinery  
  158  19:53  Orbital Command  
  158  19:55  Medivac  
  159  20:04  Marauder  
  159  20:06  Marauder, Orbital Command  
  157  20:11  Marine x2  
  157  20:15  Marine  
  157  20:16  Marine x2  
  157  20:17  Marine  
  157  20:18  Marauder  
  157  20:20  Marauder, Marine x2  
  166  20:24  Widow Mine x2, Marine  
  166  20:26  Medivac, Widow Mine  
  166  20:27  Marine  
  174  20:29  Marine x2  
  174  20:33  Marine  
  177  20:39  Marauder  
  177  20:41  Marauder  
  158  20:45  Widow Mine  
  158  20:47  Marine  
  158  20:48  Marine  
  164  20:50  Marauder x2  
  164  20:53  Widow Mine x2  
  164  20:55  Marine x2  
  172  21:00  Marauder  
  172  21:03  Marauder  
  158  21:07  Marine x3  
  158  21:08  Widow Mine  
  152  21:11  Marauder  
  152  21:12  Marauder  
  152  21:13  Marine  
  152  21:14  Orbital Command, Widow Mine  
  152  21:15  Marine x2  
  159  21:20  Medivac x2  
  159  21:26  Marauder  
  159  21:27  Marine  
  159  21:31  Marauder, Marine  
  163  21:33  Marauder  
  163  21:35  Widow Mine x2  
  163  21:36  Marine x2  
  169  21:43  Marauder, Marine x2  
  166  21:47  Marine  
  166  21:49  Marine  
  168  21:59  Marauder  
  168  22:00  Marine x2  
  162  22:07  Marauder x2  
  142  22:09  Marine  
  142  22:10  Medivac, Marine x3  
  142  22:13  Marine x2  
  146  22:17  Medivac  
  146  22:20  Marauder  
  146  22:22  Marine x3  
  152  22:27  Marine x2  
  152  22:28  Marine x2  
  152  22:29  Marine x2  
  157  22:33  Widow Mine x2  
  157  22:35  Widow Mine  
  161  22:41  Marauder  
  161  22:42  Marauder  
  165  22:49  Marauder  
  165  22:51  Marauder, Marine  
  164  22:52  Marine x2  
  164  22:54  Marine x2  
  168  23:01  Widow Mine x3  
  168  23:02  Marauder  
  168  23:03  Marauder  
Tags
 
Add a new tag
Caveats
  • Supply blocks, unpowered buildings, or Contaminate may cause inaccurate times.
  • Supply counts are checked every 10 seconds.